 Dungeon Crawl Stone Soup version 0.28.0 (webtiles) character file.

Game seed: 14609428862669660119

103 Sanktem7 the Conjurer (level 4, -1/32 HPs)
             Began as a Gnoll Conjurer on Feb 8, 2022.
             Slain by a gnoll (4 damage)
             ... on level 3 of the Dungeon.
             The game lasted 00:07:07 (3434 turns).

Sanktem7 the Conjurer (Gnoll Conjurer)              Turns: 3434, Time: 00:07:07

Health: -1/32      AC: 10    Str:  7    XL:     4   Next: 79%
Magic:  5/11       EV: 11    Int: 19    God:
Gold:   82         SH:  7    Dex: 10    Spells: 10/13 levels left

rFire   . . .      SeeInvis .   l - +1 falchion (protect)
rCold   . . .      Faith    .   o - +0 kite shield
rNeg    + . .      Spirit   .   a - +0 robe
rPois   .          Reflect  .   (no helmet)
rElec   .          Harm     .   k - +0 cloak
rCorr   .          Rampage  .   (no gloves)
Will    .....                   (no boots)
Stlth   ++........              (no amulet)
HPRegen 0.10/turn               j - ring of positive energy
MPRegen 0.12/turn               (no ring)

@: under a protective aura
A: fangs 1, strong nose, distributed training
a: no special abilities


You were on level 3 of the Dungeon.
You visited 1 branch of the dungeon, and saw 3 of its levels.

You collected 82 gold pieces.

Inventory:

Hand Weapons
 l - a +1 falchion of protection (weapon)
Armour
 a - a +0 robe (worn)
 k - a +0 cloak (worn)
 o - a +0 kite shield (worn)
Jewellery
 j - a ring of positive energy (left hand)
Scrolls
 b - 3 scrolls of identify {unknown}
 e - a scroll of enchant weapon {unknown}
 f - a scroll of holy word {unknown}
 h - a scroll of noise {unknown}
 m - a scroll of teleportation {unknown}
 n - a scroll of immolation {unknown}
Potions
 c - a potion of curing {unknown}
 d - a potion of berserk rage {unknown}
 g - a potion of lignification {unknown}
 i - a potion of flight {unknown}


   Skills:
 + Level 1.2 Fighting
 + Level 1.2 Short Blades
 + Level 1.2 Long Blades
 + Level 1.2 Axes
 + Level 1.2 Maces & Flails
 + Level 1.2 Polearms
 + Level 1.2 Staves
 + Level 1.2 Slings
 + Level 1.2 Bows
 + Level 1.2 Crossbows
 + Level 1.2 Throwing
 + Level 1.2 Armour
 + Level 4.7 Dodging
 + Level 4.3 Stealth
 + Level 1.2 Shields
 + Level 1.2 Unarmed Combat
 + Level 5.1 Spellcasting
 + Level 7.1 Conjurations
 + Level 1.0 Hexes
 + Level 1.0 Summonings
 + Level 1.0 Necromancy
 + Level 1.0 Translocations
 + Level 1.0 Transmutations
 + Level 1.0 Fire Magic
 + Level 1.0 Ice Magic
 + Level 1.0 Air Magic
 + Level 1.0 Earth Magic
 + Level 1.0 Poison Magic
 + Level 1.3 Invocations
 + Level 1.2 Evocations


You had 10 spell levels left.
You knew the following spells:

 Your Spells              Type           Power      Damage    Failure   Level
a - Magic Dart            Conj           100%       1d8       2%          1
b - Searing Ray           Conj           64%        2d6       3%          2

Your spell library contained the following spells:

 Spells                   Type           Power      Damage    Failure   Level
 Dazzling Flash           Conj/Hex       40%        N/A       24%         3
 Fulminant Prism          Conj/Hex       10%        3d9       61%         4
 Iskenderun's Mystic Bla  Conj/Tloc      20%        2d6       61%         4


Dungeon Overview and Level Annotations

Branches:
Dungeon (3/15)

Altars:
Nemelex Xobeh


Innate Abilities, Weirdness & Mutations

You have very sharp teeth.
Your uncanny sense of smell can sniff out nearby items.
Your experience applies equally to all skills.


Message History

The magic dart hits the gnoll.
The gnoll is heavily wounded.
Casting: Magic Dart (safe; 2% risk of failure)
Confirm with . or Enter, or press ? or * to list all spells.
Aiming: Magic Dart (safe; 2% risk of failure)
Press: ? - help, Shift-Dir - straight line, f/p - gnoll
Aim: a gnoll, wielding a +0 spear (almost dead, 100% to hit)
The magic dart hits the gnoll but does no damage.
The gnoll is heavily wounded.
You block the gnoll's attack.
You hit the gnoll.
Your weapon exudes an aura of protection.
The gnoll is severely wounded.
The gnoll hits you with a +0 flail. The gnoll hits you but does no damage.
You block the gnoll's attack.
You closely miss the gnoll.
The gnoll is severely wounded.
You block the gnoll's attack. x2; The gnoll misses you.
You closely miss the gnoll.
The gnoll is severely wounded.
You block the gnoll's attack.
The gnoll hits you from afar with a +0 spear.
You hit the gnoll.
Your weapon exudes an aura of protection.
The gnoll is almost dead.
You block the gnoll's attack. The gnoll misses you.
The gnoll closely misses you.
The gnoll hits you from afar with a +0 spear.
You hit the gnoll.
The gnoll is almost dead.
The gnoll hits you with a +0 flail. You block the gnoll's attack.
You closely miss the gnoll. Your bite misses the gnoll.
The gnoll is almost dead.
The gnoll hits you with a +0 flail!
* * * LOW HITPOINT WARNING * * *
The gnoll hits you from afar with a +0 spear.
* * * LOW HITPOINT WARNING * * *
You block the gnoll's attack.
The gnoll hits you from afar with a +0 spear.
You die...

###### #....#
#.##.# ##### ####
#.##.####...#
...###.#.......#.#
...'.#.#.......#.#
...#.#.#.......#.#
...#.#.##......#)#
..)#.#.#########@#
...#.#.###...ggg.#
...#.....#.#######
########## ∆


You could see 3 gnolls.

Vanquished Creatures
  A gnoll (D:3)
  3 adders
  2 worms (D:2)
  5 dart slugs
  An orc (D:3)
  3 endoplasms
  4 giant cockroaches
  3 goblins
  5 hobgoblins
  4 quokkas
  3 ball pythons
  2 bats (D:1)
  6 frilled lizards
  4 kobolds
  5 rats
51 creatures vanquished.

Notes
Turn   | Place    | Note
-------+----------+-------------------------------------------
     0 | D:1      | Sanktem7 the Gnoll Conjurer began the quest for the Orb.
     0 | D:1      | Reached XP level 1. HP: 13/13 MP: 6/6
    35 | D:1      | Found a faded altar of an unknown god.
   227 | D:1      | Reached XP level 2. HP: 19/19 MP: 5/7
   258 | D:1      | Learned a level 2 spell: Searing Ray
  1287 | D:1      | Reached skill level 5 in Spellcasting
  1287 | D:1      | Reached XP level 3. HP: 15/25 MP: 1/9
  1795 | D:2      | Reached skill level 1 in Invocations
  1956 | D:2      | Reached skill level 1 in Fighting
  1956 | D:2      | Reached skill level 1 in Short Blades
  1956 | D:2      | Reached skill level 1 in Long Blades
  1956 | D:2      | Reached skill level 1 in Axes
  1956 | D:2      | Reached skill level 1 in Maces & Flails
  1956 | D:2      | Reached skill level 1 in Polearms
  1956 | D:2      | Reached skill level 1 in Staves
  1956 | D:2      | Reached skill level 1 in Slings
  1956 | D:2      | Reached skill level 1 in Bows
  1956 | D:2      | Reached skill level 1 in Crossbows
  1956 | D:2      | Reached skill level 1 in Throwing
  1956 | D:2      | Reached skill level 1 in Armour
  1956 | D:2      | Reached skill level 1 in Shields
  1956 | D:2      | Reached skill level 1 in Unarmed Combat
  1956 | D:2      | Reached skill level 1 in Evocations
  2121 | D:2      | Reached XP level 4. HP: 32/32 MP: 4/11
  2820 | D:3      | Found a sparkling altar of Nemelex Xobeh.
  3174 | D:3      | Reached skill level 1 in Hexes
  3174 | D:3      | Reached skill level 1 in Summonings
  3174 | D:3      | Reached skill level 1 in Necromancy
  3174 | D:3      | Reached skill level 1 in Translocations
  3174 | D:3      | Reached skill level 1 in Transmutations
  3174 | D:3      | Reached skill level 1 in Fire Magic
  3174 | D:3      | Reached skill level 1 in Ice Magic
  3174 | D:3      | Reached skill level 1 in Air Magic
  3174 | D:3      | Reached skill level 1 in Earth Magic
  3174 | D:3      | Reached skill level 1 in Poison Magic
  3434 | D:3      | Slain by a gnoll

Illustrated notes

Levels and vault maps discovered:
D:1:      lightli_arrival_statue_moat, layout_basic,
          dreamdust_ecumenical_altar_angels_and_demons, serial_aquarium,
          aquarium_bridge_square [aquarium_subvault_bridge,
          aquarium_subvault_bridge, aquarium_subvault_bridge,
          aquarium_subvault_bridge], aquarium_window_fake, aquarium_window_1,
          aquarium_view_2e, aquarium_balcony_double_3, aquarium_pool_2,
          dk_noncrumbling_4
D:2:      layout_loops_ring, minmay_misc_feat_x
D:3:      layout_basic, mainiacjoe_overflow_paths, mainiacjoe_overflow_alcove_4

Skill      XL: |  1  2  3  4 |
---------------+-------------+-----
Spellcasting   | 5 |  5.1
Invocations    | 1 |  1.3
Fighting       | 1 |  1.2
Short Blades   | 1 |  1.2
Long Blades    | 1 |  1.2
Axes           | 1 |  1.2
Maces & Flails | 1 |  1.2
Polearms       | 1 |  1.2
Staves         | 1 |  1.2
Slings         | 1 |  1.2
Bows           | 1 |  1.2
Crossbows      | 1 |  1.2
Throwing       | 1 |  1.2
Armour         | 1 |  1.2
Shields        | 1 |  1.2
Unarmed Combat | 1 |  1.2
Evocations     | 1 |  1.2
Hexes          | 1 |  1.0
Summonings     | 1 |  1.0
Necromancy     | 1 |  1.0
Translocations | 1 |  1.0
Transmutations | 1 |  1.0
Fire Magic     | 1 |  1.0
Ice Magic      | 1 |  1.0
Air Magic      | 1 |  1.0
Earth Magic    | 1 |  1.0
Poison Magic   | 1 |  1.0
Dodging        | |  4.7
Stealth        | |  4.3
Conjurations   | |  7.1

Action                   |  1- 3 |  4- 6 || total
-------------------------+-------+-------++-------
Melee: Unarmed           |     2 |       ||     2
       Falchion          |       |    13 ||    13
 Cast: Magic Dart        |    81 |    36 ||   117
Armor: Robe              |     1 |     2 ||     3
Dodge: Dodged            |     3 |     9 ||    12
Block: Kite shield       |       |    12 ||    12
